 Dungeon Sprint DCSS version 0.28-a0-1235-g7c8fac35f0 (webtiles) character file.

Game seed: 9127382447469733525

1019 mhtbhm the Basher (level 8, -15/132 HPs)
             Began as a Troll Berserker on Dec 24, 2021.
             Was an Elder of Trog.
             Demolished by a skeletal warrior (21 damage)
             ... in the Dungeon (Sprint IX: "|||||||||||||||||||||||||||||").
             The game lasted 00:00:49 (400 turns).

mhtbhm the Basher (Troll Berserker)                  Turns: 400, Time: 00:00:50

Health: -15/132    AC: 11    Str: 28    XL:     8   Next: 2%
Magic:  7/7        EV: 12    Int:  6    God:    Trog [****..]
Gold:   0          SH:  0    Dex: 12    Spells: 7/7 levels left

rFire   . . .      SeeInvis .   a - +2 morningstar (protect)
rCold   . . .      Faith    .   (no shield)
rNeg    . . .      Spirit   .   b - +0 animal skin
rPois   .          Reflect  .   (helmet restricted)
rElec   .          Harm     .   (no cloak)
rCorr   .          Rampage  .   (gloves unavailable)
Will    .....      NoTele   +   (boots unavailable)
Stlth   ..........              (no amulet)
HPRegen 1.12/turn               k - +3 ring of intelligence
MPRegen 0.10/turn               l - +3 ring of dexterity

@: berserking (expiring), under a protective aura, very quick
A: large, unfitting armour, claws 3, regeneration 1, shaggy fur 1, tough skin 1
a: Renounce Religion, Berserk, Trog's Hand, Brothers in Arms


You were in the Dungeon.
You worshipped Trog.
Trog was greatly pleased with you.
You visited 1 branch

Inventory:

Hand Weapons
 a - a +2 morningstar of protection (weapon)
Armour
 b - a +0 animal skin (worn)
Jewellery
 k - a +3 ring of intelligence (left claw)
 l - a +3 ring of dexterity (right claw)
Wands
 j - a wand of iceblast (10)
Scrolls
 h - 2 scrolls of blinking
Potions
 c - 4 potions of curing
 d - 2 potions of heal wounds
 e - a potion of haste
 f - 4 potions of magic
 g - a potion of berserk rage
 i - a potion of invisibility


   Skills:
 + Level 7.8 Fighting
 + Level 11.8 Maces & Flails
 + Level 7.6 Dodging


You had 7 spell levels left.
You didn't know any spells.
Your spell library was empty.

Dungeon Overview and Level Annotations

Branches:
Dungeon (1/1)

Altars:
Cheibriados
Dithmenos
Elyvilon
Fedhas
Gozag
Hepliaklqana
Kikubaaqudgha
Makhleb
Nemelex Xobeh
Okawaru
Qazlal
Ru
Sif Muna
Trog
Uskayaw
Vehumet
Wu Jian
Xom
Yredelemnul
Zin
The Shining One
Beogh
Jiyva
Lugonu


Innate Abilities, Weirdness & Mutations

You are too large for most types of armour.
You have claws for hands.
Your natural rate of healing is unusually fast.
You are covered in fur. (AC +1)
You have tough skin. (AC +1)


Message History

The troll shouts! x2; The death knight shouts!
Unknown command.
Okay, then.
A red film seems to cover your vision as you go berserk!
You feel yourself moving faster!
You feel mighty! The wraith hits you but does no damage.
You sock the wraith!
Your weapon exudes an aura of protection.
The wraith is heavily damaged.
The wraith hits you.
You sock the wraith!
The wraith is almost destroyed.
The wraith hits you but does no damage.
You barely miss the wraith.
The wraith is almost destroyed.
You barely miss the wraith.
The wraith is almost destroyed.
The wraith hits you but does no damage.
You bludgeon the wraith!!
You destroy the wraith!
Trog accepts your kill.
You have reached level 8!
Unknown command.
You barely miss the death knight. You barely miss the death knight.
The death knight barely misses you.
You barely miss the death knight.
The skeletal warrior hits you from afar with a +0 trident!!
You closely miss the death knight.
The death knight calls down the wrath of Yredelemnul upon you.
Your body is wracked with pain!
The skeletal warrior hits you from afar with a +0 trident!!
* * * LOW HITPOINT WARNING * * *
You hit the death knight.
The death knight is lightly wounded.
You closely miss the death knight.
The death knight is lightly wounded.
The death knight hits you with a +3 great mace!!
* * * LOW HITPOINT WARNING * * *
The skeletal warrior hits you from afar with a +0 trident!!
You die... ▓▓▓▓▓▓▓▓▓▓▓▓▓▓▓▓▓▓▓▓▓▓▓▓ ..TTHzp@..)))'..[[[.)?.' ▓▓▓▓▓▓▓▓▓▓▓▓▓▓▓▓▓▓▓▓▓▓▓▓

You could see a death knight, a skeletal warrior, a manticore and 2 trolls.

Vanquished Creatures
  A two-headed ogre (D)
  A wraith (D)
  An orc warrior (D)
  2 centaurs (D)
  A gnoll shaman (D)
  An ufetubus (D)
  A dart slug (D)
  An orc (D)
  An endoplasm (D)
  A goblin (D)
  A hobgoblin (D)
  A quokka (D)
  A ball python skeleton (D)
  A jackal zombie (D)
  A rat (D)
16 creatures vanquished.

Vanquished Creatures (others)
  An orc wizard (D)
1 creature vanquished.

Grand Total: 17 creatures vanquished

Notes
Turn   | Place    | Note
-------+----------+-------------------------------------------
     0 | D        | mhtbhm the Troll Berserker began the quest for the Orb.
     0 | D        | Reached XP level 1. HP: 22/22 MP: 0/0
     9 | D        | Reached skill level 3 in Maces & Flails
    12 | D        | Reached ** piety under Trog
   127 | D        | Noticed a gnoll shaman
   130 | D        | Reached XP level 2. HP: 31/31 MP: 1/1
   138 | D        | Reached *** piety under Trog
   139 | D        | Reached skill level 4 in Maces & Flails
   139 | D        | Reached XP level 3. HP: 39/39 MP: 2/2
   170 | D        | Found a snail-covered altar of Cheibriados.
   170 | D        | Found a shadowy altar of Dithmenos.
   170 | D        | Found a white marble altar of Elyvilon.
   170 | D        | Found a blossoming altar of Fedhas.
   170 | D        | Found an opulent altar of Gozag.
   171 | D        | Found a hazy altar of Hepliaklqana.
   172 | D        | Found a viscous altar of Jiyva.
   173 | D        | Found an ancient bone altar of Kikubaaqudgha.
   174 | D        | Found a corrupted altar of Lugonu.
   175 | D        | Found a burning altar of Makhleb.
   176 | D        | Found a sparkling altar of Nemelex Xobeh.
   177 | D        | Found an iron altar of Okawaru.
   178 | D        | Found a stormy altar of Qazlal.
   179 | D        | Found a sacrificial altar of Ru.
   180 | D        | Found a shimmering blue altar of Sif Muna.
   181 | D        | Found a bloodstained altar of Trog.
   182 | D        | Found a hide-covered altar of Uskayaw.
   183 | D        | Found a radiant altar of Vehumet.
   184 | D        | Found an ornate altar of the Wu Jian Council.
   185 | D        | Found a shimmering altar of Xom.
   186 | D        | Found a basalt altar of Yredelemnul.
   187 | D        | Found a glowing silver altar of Zin.
   188 | D        | Found a glowing golden altar of the Shining One.
   221 | D        | Noticed a two-headed ogre
   221 | D        | Noticed a centaur
   221 | D        | Noticed a centaur
   221 | D        | Noticed an orc warrior
   227 | D        | Killed an orc warrior
   228 | D        | Reached skill level 6 in Maces & Flails
   228 | D        | Reached skill level 5 in Dodging
   228 | D        | Reached XP level 4. HP: 44/49 MP: 3/3
   228 | D        | Reached XP level 5. HP: 50/55 MP: 4/4
   232 | D        | Killed a centaur
   232 | D        | Reached **** piety under Trog
   233 | D        | Reached skill level 5 in Fighting
   233 | D        | Reached skill level 8 in Maces & Flails
   235 | D        | Killed a two-headed ogre
   236 | D        | Reached skill level 11 in Maces & Flails
   236 | D        | Reached XP level 6. HP: 35/71 MP: 5/5
   236 | D        | Reached XP level 7. HP: 39/78 MP: 6/6
   388 | D        | Noticed a troll
   388 | D        | Noticed a troll
   388 | D        | Noticed a manticore
   388 | D        | Noticed a skeletal warrior
   388 | D        | Noticed a death knight
   388 | D        | Noticed a wraith
   394 | D        | Killed a wraith
   395 | D        | Reached XP level 8. HP: 88/88 MP: 7/7
   400 | D        | HP: 6/132 [death knight (31)]
   400 | D        | Demolished by a skeletal warrior

Illustrated notes

Levels and vault maps discovered:
D:        linesprint [early_d, line_temple, items_1, d_10, items_2, lair_1,
          lair_end, items_3, orc_1, orc_end, items_4, d_15, swamp_1, shoals_1,
          snake_1, spider_1, d_20, vaults_1, items_5, swamp_end, shoals_end,
          snake_end, spider_end, vaults_end, d_27, items_6, zot_1, zot_end,
          crypt_end, forest_end, elf_end, slime_end, tomb_end, abyss_end,
          pan_hell_end]

Skill      XL: |  1  2  3  4  5 |
---------------+----------------+-----
Maces & Flails | 3 4 6 11 | 11.8
Dodging        | 3 5 7 |  7.6
Fighting       | 3 4 7 |  7.8

Action                   |  1- 3 |  4- 6 |  7- 9 || total
-------------------------+-------+-------+-------++-------
Melee: Mace              |    30 |       |       ||    30
       Morningstar       |     4 |     7 |    23 ||    34
Invok: Berserk           |     2 |       |     1 ||     3
  Use: Potion            |       |       |     2 ||     2
Armor: Animal skin       |     2 |     3 |    13 ||    18
Dodge: Dodged            |    21 |     5 |    14 ||    40

Table legend: (Time is in decaauts)
 A = Elapsed time spent in this place.
 B = Non-inter-level travel time spent in this place.
 C = Inter-level travel time spent in this place.
 D = Time resting spent in this place.
 E = Time spent auto-exploring this place.
 F = Levels seen in this place.
 G = Mean time per level.
                   A        B        C        D        E       F      G
               +--------+--------+--------+--------+--------+-----+--------+
         Total |    413 |    413 |      0 |    260 |      3 |   1 |  413.0 |
       Dungeon |    413 |    413 |      0 |    260 |      3 |   1 |  413.0 |
               +--------+--------+--------+--------+--------+-----+--------+

Top non-repeatable levels by time:
       D: 413 daAuts
